 Dungeon Crawl Stone Soup version 0.19-a0-1937-g70ed36a (webtiles) character file.

428 varam the Ruffian (level 6, 59/59 HPs)
             Began as a Troll Monk on Oct 26, 2016.
             Quit the game in the Ecumenical Temple.
             The game lasted 00:02:52 (2441 turns).

varam the Ruffian (Troll Monk)                      Turns: 2441, Time: 00:02:53

Health: 59/59      AC:  5    Str: 21    XL:     6   Next: 65%
Magic:  5/5        EV: 10    Int:  6    God:
Gold:   156        SH:  0    Dex: 13    Spells: 0 memorised, 5 levels left

rFire  . . .     SeeInvis .       - Unarmed
rCold  . . .     Gourm    +     a - +0 robe
rNeg   . . .     Faith    .     (no shield)
rPois  .         Spirit   .     (helmet restricted)
rElec  .         Reflect  .     (no cloak)
rCorr  .         Harm     .     (gloves unavailable)
MR     .....                    (boots unavailable)
Stlth  ++........               (no amulet)
                                (no ring)
                                (no ring)

@: no status effects
A: unfitting armour, claws 3, fast metabolism 3, gourmand, regeneration 1,
shaggy fur 1, tough skin 2
a: no special abilities


You were in the Ecumenical Temple.
You were not hungry.

You visited 2 branches of the dungeon, and saw 5 of its levels.

You collected 156 gold pieces.

Inventory:

Missiles
 g - 28 stones (quivered)
 k - 4 tomahawks
Armour
 a - a +0 robe (worn)
Jewellery
 i - a cursed ring of protection from fire {unknown}
Scrolls
 c - 4 scrolls of identify {unknown}
 e - 2 scrolls of recharging {unknown}
 j - a scroll of blinking {unknown}
 o - a scroll of random uselessness {unknown}
Potions
 d - 2 potions of haste {unknown}
 f - a potion of cancellation {unknown}
 m - 3 potions of berserk rage {unknown}
Comestibles
 b - 5 bread rations
 h - a slice of pizza
 l - a royal jelly


   Skills:
 - Level 2.4 Fighting
 - Level 2.4 Dodging
 - Level 1.0 Stealth
 + Level 7.6 Unarmed Combat


You had 5 spell levels left.
You didn't know any spells.

Dungeon Overview and Level Annotations

Branches:
Dungeon (4/15)             Temple (1/1) D:4

Altars:
Ashenzari
Cheibriados
Dithmenos
Elyvilon
Fedhas
Gozag
Kikubaaqudgha
Makhleb
Nemelex Xobeh
Qazlal
Ru
Uskayaw
Yredelemnul
The Shining One


Innate Abilities, Weirdness & Mutations

You are too large for most types of armour.
You have claws for hands.
Your metabolism is lightning-fast.
You like to eat raw meat.
Your natural rate of healing is unusually fast.
You are covered in fur. (AC +1)
You have very tough skin. (AC +2)


Message History

You enter the shallow water.
Moving in this stuff is going to be slow.
Key pressed, stopping explore.
You enter the shallow water.
Moving in this stuff is going to be slow.
You enter the shallow water.
Moving in this stuff is going to be slow.
There is an ancient bone altar of Kikubaaqudgha here.
You enter the shallow water.
Moving in this stuff is going to be slow.
You enter the shallow water.
Moving in this stuff is going to be slow.
Partly explored, can't reach some places.
Partly explored, can't reach some places.
Partly explored, can't reach some places.
Partly explored, can't reach some places.
Search for what [? for help]? oka Can't find anything matching that.
Unknown command.
Are you sure you want to abandon this character and quit the game? (Confirm with "yes".)

♣♣♣♣......♣..♣♣≈♣♣♣.........♣♣♣
♣♣.....#......≈≈≈♣♣............♣♣
♣...._.......≈≈≈≈♣....♣....._....
♣..#...#.....≈≈≈................♣
....#.......♣≈≈≈≈#._.............
♣♣............≈≈≈................
♣♣.........#..≈≈≈≈.....♣.#......
♣♣......_.#...≈≈≈≈..♣♣♣........
♣♣♣..#...#..♣@≈≈≈♣♣♣ ♣♣#._.♣♣♣
♣♣........♣♣♣≈≈≈♣♣ #....♣
♣♣♣.....♣..♣♣ ♣♣≈≈♣ ####♣♣
♣..#...♣♣♣♣♣ ♣♣≈≈♣ ♣♣..._.#♣ ♣≈≈♣
♣......♣ ≈≈♣♣ ♣..####♣ ≈♣♣ ♣♣♣♣ ♣


There were no monsters in sight!

Vanquished Creatures
  Sigmund (D:2)
  A phantom (D:3)
  Jessica (D:3)
  8 adders
  An ooze (D:3)
  A worm (D:2)
  A dart slug (D:2)
  2 leopard geckos
  2 orcs (D:3)
  8 bats
  4 giant cockroaches
  4 goblins
  11 hobgoblins
  7 jackals (D:3)
  A quokka (D:4)
  5 frilled lizards
  6 kobolds
  5 rats
69 creatures vanquished.

Notes
Turn   | Place    | Note
-------+----------+-------------------------------------------
     0 | D:1      | varam the Troll Monk began the quest for the Orb.
     0 | D:1      | Reached XP level 1. HP: 22/22 MP: 0/0
   113 | D:1      | Reached XP level 2. HP: 29/29 MP: 1/1
   386 | D:1      | Reached skill level 4 in Unarmed Combat
   583 | D:2      | Reached XP level 3. HP: 34/36 MP: 2/2
   632 | D:2      | Noticed Sigmund
   646 | D:2      | Killed Sigmund
   646 | D:2      | Reached skill level 6 in Unarmed Combat
   646 | D:2      | Reached XP level 4. HP: 35/44 MP: 3/3
   646 | D:2      | Reached XP level 5. HP: 40/50 MP: 4/4
  1349 | D:3      | Reached XP level 6. HP: 59/59 MP: 5/5
  1474 | D:3      | Found a sparkling altar of Nemelex Xobeh.
  1474 | D:3      | Noticed Jessica
  1478 | D:3      | Killed Jessica
  1478 | D:3      | Reached skill level 7 in Unarmed Combat
  1667 | D:3      | Found a shadowy altar of Dithmenos.
  2160 | D:4      | Found a staircase to the Ecumenical Temple.
  2172 | Temple   | Entered the Ecumenical Temple
  2441 | Temple   | Quit the game

Vault maps used:
D:1:      matt_arrival_grand_opening, corexii_leaking_fountain
D:2:      first_bread, uniq_sigmund
D:3:      old_standard_altar, nemelex_lonely_heart_becter
Temple:   oiseaux_autumnal_temple

Skill      XL: |  1  2  3  4  5  6 |
---------------+-------------------+-----
Unarmed Combat | 4 6 7 |  7.6
Fighting       | |  2.4
Dodging        | |  2.4
Stealth        | |  1.0

Action                   |  1- 3 |  4- 6 || total
-------------------------+-------+-------++-------
Melee: Unarmed           |    60 |    75 ||   135
       Punch             |     2 |     2 ||     4
 Stab: Sleeping          |     3 |     2 ||     5
  Eat: Chunk             |     5 |    17 ||    22
Armor: Robe              |    13 |    18 ||    31
Dodge: Dodged            |    19 |    39 ||    58
